Zazza, neutral female human Tourist ----------- |>.........######## ----- ##+.........| # |...| ----- # |........{| ### #-...| |.... `#########..........| # ###|.[.| |...|## # |.........| ### # ----- |....## # --|-------- # ------- ### |...|# # ######## ###|.....| # ----- # # #.....<| #d@f# # ### ###|.....-###`#------- -----# # # ------- ##......| |....# ################## # |.....| |...| #------.------- ####-...>.| |....########|....|.......| # # |.....| |...| |............+ ##### ------- ----- |............| # |.............############ |............| -------------- Zazza the Rambler Experience level: 1 Strength: 14 Dexterity: 9 Constitution: 15 Intelligence: 13 Wisdom: 8 Charisma: 17 Health: 0(13) Energy: 2(2) Def: 0 Gold: 483 Moves: 965 Dungeon seed: 6vNLyvUKcFwwUXY3 Game ID: Zazza_1581883213 Your Inventory: Coins $ - 483 gold pieces Weapons a - 35 +2 darts (in quiver) C - a +1 dagger (weapon in hand) Armor e - an uncursed +0 Hawaiian shirt (being worn) Comestibles b - 3 uncursed food rations c - 2 uncursed slime molds d - an uncursed eucalyptus leaf f - an uncursed tripe ration g - an uncursed candy bar h - 3 uncursed fortune cookies i - an uncursed egg q - an uncursed sprig of wolfsbane t - 2 uncursed tins of goblin meat v - 2 uncursed carrots Scrolls l - 3 uncursed scrolls of magic mapping x - an uncursed scroll of fire A - an uncursed scroll of enchant armor Potions j - an uncursed potion of extra healing k - a blessed potion of extra healing w - an uncursed potion of paralysis z - an uncursed potion of sleeping Rings u - a cursed -1 ring of adornment (on left hand) Tools n - an expensive camera (0:86) o - an uncursed credit card p - an uncursed leash Spells and supernatural/magical abilities: Name Level Category Fail Memory W - pray for help -- divine ? -- Your skills at the end: Fighting Skills Weapon Skills dart [Basic] Spellcasting Skills Final Attributes: You were aligned. You were poorly adorned. You are dead. Vanquished creatures: a gnome 6 jackals 2 goblins 5 grid bugs a lichen 7 newts 22 creatures vanquished. Voluntary challenges: You used a wielded weapon 4 times, starting on turn 915. You read items or engraved 2 times, starting on turn 276. You never genocided any monsters. You never polymorphed an object. You never changed form. You used no wishes. You never split a pudding. You never wrote Elbereth's name. You never violated your personal moral code. Dungeon overview: The Dungeons of Doom: levels 1 to 3 Level 1 a long staircase Level 2 <- You were here a general store, a fountain stairs to The Gnomish Mines Level 3 The Gnomish Mines: Level 3 stairs to The Dungeons of Doom History has recorded: On T:1 you entered the Dungeons of Doom to retrieve the Amulet of Yendor! On T:403 you reached level 2 of The Dungeons of Doom. On T:718 you reached level 3 of The Dungeons of Doom. On T:830 you reached level 1 of The Gnomish Mines. Score breakdown: Gold: 208 ( 7892 points) Experience: 1 level ( 0 points) Exploration: 3 levels ( 6.00%) ( 6060 points) Discoveries: 4 items ( 1.34%) ( 3475 points) Valuables value: (no points given unless you survive) Artifact value: 0 ( 0 points) Variety of kills: 6 monsters ( 1.57%) ( 3764 points) Turncount: 965 turns ( 0 points) Survival: died (score multiplied by 80%) Total score: 16952 Latest messages: You drop 9 runed arrows. 9 elven arrows; you sold them for 6 gold pieces. Armand picks up 9 elven arrows. You displace Armand. You miss the newt. The newt bites! You miss the newt. You hit the newt. The newt bites! You miss the newt. (2x) The newt bites! You miss the newt. (2x) The newt bites! You miss the newt. You hit the newt. The newt bites! You miss the newt. You kill the newt! You miss the jackal. The jackal bites! You miss the jackal. The jackal bites! You die... Final status: Aloha Zazza the Tourist, killed by a jackal... You died in The Dungeons of Doom on dungeon level 2 with 16952 points, and 483 pieces of gold, after 965 moves. You were level 1 with a maximum of 13 hit points when you died.